 Dungeon Crawl Stone Soup version 0.22-a0-346-ga714374 (webtiles) character file.

20 Azzok the Vexing (level 2, 0/15 HPs)
             Began as a Deep Elf Enchanter on Apr 6, 2018.
             Slain by a jackal (2 damage)
             ... on level 1 of the Dungeon.
             The game lasted 00:01:59 (1071 turns).

Azzok the Vexing (Deep Elf Enchanter)               Turns: 1071, Time: 00:02:00

Health: 0/15       AC:  2    Str:  8    XL:     2   Next: 58%
Magic:  6/8        EV: 13    Int: 19    God:
Gold:   41         SH:  0    Dex: 15    Spells: 4/7 levels left

rFire    . . .     SeeInvis .   a - +1 dagger
rCold    . . .     Gourm    .   (no shield)
rNeg     . . .     Faith    .   b - +0 robe
rPois    .         Spirit   .   (no helmet)
rElec    .         Reflect  .   (no cloak)
rCorr    .         Harm     .   (no gloves)
MR       .....                  (no boots)
Stlth    +++.......             (no amulet)
HPRegen  0.05/turn              i - +3 ring of strength
MPRegen  0.11/turn              (no ring)

@: no status effects
A: no striking features
a: no special abilities


You were on level 1 of the Dungeon.
You were not hungry.

You visited 1 branch of the dungeon, and saw 2 of its levels.

You collected 41 gold pieces.

Inventory:

Hand Weapons
 a - a +1 dagger (weapon)
Armour
 b - a +0 robe (worn)
Jewellery
 i - a +3 ring of strength (left hand)
Scrolls
 e - 2 scrolls of teleportation {unknown}
 f - a scroll of remove curse {unknown}
 g - 3 scrolls of identify {unknown}
 h - a scroll of magic mapping {unknown}
 k - a scroll of blinking {unknown}
Potions
 j - a potion of flight {unknown}
 l - a potion of mutation {unknown}
 m - 3 potions of curing {unknown}
Comestibles
 d - 2 rations


   Skills:
 + Level 1.8 Short Blades
 - Level 2.4 Dodging
 + Level 3.8 Stealth
 - Level 3.0 Spellcasting
 + Level 4.6 Hexes


You had 4 spell levels left.
You knew the following spells:

 Your Spells              Type           Power        Failure   Level  Hunger
a - Corona                Hex            ###....      2%          1    None
b - Ensorcelled Hibernat  Hex/Ice        ##....       9%          2    ##.....


Dungeon Overview and Level Annotations

Branches:
Dungeon (2/15)

Altars:


Message History

* * * LOW HITPOINT WARNING * * *
The goblin shouts!
The bat barely misses you. The jackal closely misses you.
The bat hits you but does no damage. The bat hits you.
* * * LOW HITPOINT WARNING * * *
The bat hits you but does no damage.
There is a stone staircase leading up here.
The bat misses you. The goblin hits you but does no damage.
The jackal bites you.
* * * LOW HITPOINT WARNING * * *
You climb upwards.
There is a stone staircase leading down here.
The jackal bites you.
* * * LOW HITPOINT WARNING * * *
The goblin closely misses you. The jackal misses you.
All of the chunks of flesh in your inventory have rotted away.
The jackal bites you.
You die...

▒··········▒···▒ ▒▒·
▒▒▒▒▒▒···▒▒·····▒···▒▒▒··
▒····'···╬····>··▒╬▒▒▒···
▒▒▒▒▒▒···▒▒··············
▒····'··················▒
▒▒·▒▒▒·············▒▒▒▒▒·
▒·▒ ▒▒·············▒····
▒·▒ ▒·h·g··▒╬▒··▒··▒···
▒·▒ ▒·@······▒··▒··▒···
▒·▒ ▒▒····)··▒····▒····
▒·▒▒▒▒▒·····▒╬▒···▒▒▒▒▒·
▒··········▒···········▒
▒▒▒▒▒▒·····╬············
▒····▒▒·····▒······
▒···············▒··
▒·▒·············▒··
▒·▒···▒·▒··········


You could see a jackal and a goblin.

Vanquished Creatures
  2 leopard geckos (D:1)
  A giant cockroach (D:1)
  4 goblins (D:1)
  A jackal (D:1)
  3 bats
  2 frilled lizards (D:1)
  4 kobolds (D:1)
  A rat (D:1)
18 creatures vanquished.

Notes
Turn   | Place    | Note
-------+----------+-------------------------------------------
     0 | D:1      | Azzok the Deep Elf Enchanter began the quest for the Orb.
     0 | D:1      | Reached XP level 1. HP: 10/10 MP: 6/6
   479 | D:1      | Reached XP level 2. HP: 15/15 MP: 8/8
   483 | D:1      | Learned a level 2 spell: Ensorcelled Hibernation
  1071 | D:1      | Slain by a jackal

Vault maps used:
D:1:      scummos_arrival_star
D:2:      minmay_misc_feat_hallway, uniq_terence

Action                   || total
-------------------------++-------
Melee: Dagger            ||    47
 Cast: Corona            ||     8
       Ensorcelled Hiber ||     9
 Stab: Sleeping          ||     8
  Eat: Chunk             ||     1
Armor: Robe              ||    21
Dodge: Dodged            ||    62

Table legend:
 A = Spawn XP
 B = Non-spawn XP
 C = Spawn XP percentage of total XP
 D = Spawn monster count
 E = Non-spawn monster count
 F = Spawn count percentage of total count
 G = Total turns spent on level
                    A         B        C        D         E        F      G
               +---------+---------+-------+---------+---------+-------+---------
         Total |       0 |      29 |   0.0 |       0 |      18 |   0.0 |  1071
               +---------+---------+-------+---------+---------+-------+---------
           D:1 |       0 |      27 |   0.0 |       0 |      17 |   0.0 |  1052
           D:2 |       0 |       2 |   0.0 |       0 |       1 |   0.0 |    19
               +---------+---------+-------+---------+---------+-------+---------
